 Dungeon Crawl Stone Soup version 0.22-a0-389-g8519d86 (webtiles) character file.

19 Kairos the Shield-Bearer (level 2, 16/16 HPs)
             Began as a Vine Stalker Fighter on Apr 30, 2018.
             Quit the game on level 1 of the Dungeon.
             The game lasted 00:00:21 (390 turns).

Kairos the Shield-Bearer (Vine Stalker Fighter)      Turns: 390, Time: 00:00:22

Health: 16/16      AC:  6    Str: 18    XL:     2   Next: 75%
Magic:  3/3        EV:  7    Int:  8    God:
Gold:   14         SH:  9    Dex: 13    Spells: 1/1 levels left

rFire    . . .     SeeInvis .   a - +0 war axe
rCold    . . .     Gourm    .   c - +0 shield
rNeg     . . .     Faith    .   b - +0 scale mail
rPois    .         Spirit   +   (no helmet)
rElec    .         Reflect  .   (no cloak)
rCorr    .         Harm     .   (no gloves)
MR       .....                  (no boots)
Stlth    ..........             (no amulet)
HPRegen  0.05/turn              (no ring)
MPRegen  0.08/turn              (no ring)

@: no status effects
A: fangs 2, magic shield, antimagic bite, no potion heal 3, rot immunity
a: no special abilities


You were on level 1 of the Dungeon.
You were not hungry.

You visited 1 branch of the dungeon, and saw 1 of its levels.

You collected 14 gold pieces.

Inventory:

Hand Weapons
 a - a +0 war axe (weapon)
Armour
 b - a +0 scale mail (worn)
 c - a +0 shield (worn)
Scrolls
 g - a scroll of identify {unknown}
 h - a scroll of teleportation {unknown}
Potions
 d - a potion of might
 e - a potion of heal wounds {unknown}
Comestibles
 f - 3 rations


   Skills:
 + Level 2.9 Fighting
 + Level 1.8 Axes
 + Level 2.7 Armour
 + Level 3.0 Shields


You had one spell level left.
You didn't know any spells.

Dungeon Overview and Level Annotations

Branches:
Dungeon (1/15)

Altars:


Innate Abilities, Weirdness & Mutations

You have extremely sharp teeth.
When hurt, damage is shared between your health and your magic reserves.
Your bite disrupts and absorbs the magic of your enemies.
Potions cannot restore your health.
You are immune to rotting.


Message History

No target in view!
As you open the door, it creaks loudly!
There is an open door here.
You see here 5 poisoned needles.
You see here a plate armour.
As you open the door, it creaks loudly!
There is an open door here.
A bat comes into view.
The bat hits you but does no damage.
You closely miss the bat. The bat hits you but does no damage.
You block the bat's attack. x3
A bat is nearby!
A bat is nearby!
You hit the bat.
The bat is severely wounded.
The bat hits you but does no damage.
A bat is nearby!
You block the bat's attack. The bat hits you but does no damage.
Are you sure you want to abandon this character and quit the game? (Confirm with "yes".)

####...##...##...##...#
##..#..####..##..####..#
....#..####..##..####..#
#...#...##...##...##...#
....#........##........#
....#'......####......'##
.##..########..########.#
.##†## #..b.######.#
###.# #...@.......# ###..
....$...######## .#####
####....# ...# #....#
##.# ###### #.# #.##
############## ##..#
##.....##.....## ###.#
##..............##


You could see a bat.

Vanquished Creatures
  3 giant cockroaches (D:1)
  2 goblins (D:1)
  4 hobgoblins (D:1)
  2 bats (D:1)
  A frilled lizard (D:1)
  3 kobolds (D:1)
  A rat (D:1)
16 creatures vanquished.

Notes
Turn   | Place    | Note
-------+----------+-------------------------------------------
     0 | D:1      | Kairos the Vine Stalker Fighter began the quest for the Orb.
     0 | D:1      | Reached XP level 1. HP: 11/11 MP: 2/2
    81 | D:1      | Reached XP level 2. HP: 12/16 MP: 3/3
   252 | D:1      | Reached skill level 3 in Shields
   390 | D:1      | Quit the game

Vault maps used:
D:1:      minmay_arrival_four_loops, st_stairs_5

Skill      XL: |  1  2 |
---------------+-------+-----
Shields        | 3 |  3.0
Fighting       | |  2.9
Axes           | |  1.8
Armour         | |  2.7

Action                   || total
-------------------------++-------
Melee: War axe           ||    36
       Bite              ||     6
Armor: Scale mail        ||    18
Dodge: Dodged            ||    13
Block: Shield            ||    28

Table legend:
 A = Spawn XP
 B = Non-spawn XP
 C = Spawn XP percentage of total XP
 D = Spawn monster count
 E = Non-spawn monster count
 F = Spawn count percentage of total count
 G = Total turns spent on level
                    A         B        C        D         E        F      G
               +---------+---------+-------+---------+---------+-------+---------
         Total |       0 |      28 |   0.0 |       0 |      16 |   0.0 |   390
               +---------+---------+-------+---------+---------+-------+---------
           D:1 |       0 |      28 |   0.0 |       0 |      16 |   0.0 |   390
               +---------+---------+-------+---------+---------+-------+---------
